 Dungeon Crawl Stone Soup version 0.24.0-2-g5b39cebb1c (console) character file.

Game seed: 563831962025079026, levelgen mode: deterministic

44299 AlterAsc the Zephyrmancer (level 14, -3/84 HPs)
             Began as a Tengu Air Elementalist on Oct 31, 2019.
             Was the Champion of Kikubaaqudgha.
             Killed from afar by Jorgrun (39 damage)
             ... with an iron shot
             ... while petrified by Jorgrun
             ... on level 12 of the Dungeon.
             The game lasted 02:44:46 (27897 turns).

AlterAsc the Zephyrmancer (Tengu Air Elementalist) Turns: 27897, Time: 02:44:47

Health: -3/84      AC:  6    Str: 12    XL:     14   Next: 28%
Magic:  13/38      EV: -1    Int: 19    God:    Kikubaaqudgha [******]
Gold:   989        SH:  0    Dex: 15    Spells: 4/33 levels left

rFire    + . .     SeeInvis .   b - staff of air
rCold    + . .     Gourm    .   (no shield)
rNeg     + + +     Faith    .   U - +1 robe "Woluur" {Str+2}
rPois    ∞         Spirit   .   (helmet restricted)
rElec    +         Reflect  .   M - scarf {rC+ rF+}
rCorr    .         Harm     +   Z - +2 pair of gloves
MR       +....                  (boots unavailable)
Stlth    ++........             C - amulet of harm
HPRegen  0.24/turn              H - ring of magical power
MPRegen  0.26/turn              O - ring of poison resistance

@: petrified, grasped by roots, flying quickly and evasively, very slightly
contaminated, constricted, quick
A: beak, talons 3, able to fly
a: Stop Flying, Receive Corpses, Torment, Brand Weapon With Pain, Receive
Necronomicon, Renounce Religion


You were on level 12 of the Dungeon.
You worshipped Kikubaaqudgha.
Kikubaaqudgha was exalted by your worship.
You were not hungry.

You visited 4 branches of the dungeon, and saw 20 of its levels.
You also visited: Volcano.

You collected 1289 gold pieces.
You spent 300 gold pieces at shops.

Inventory:

Hand Weapons
 a - the +7 short sword of Montysadd {pierce, MR++ Dex+6 Stlth+}
   (You found it on level 6 of the Dungeon)

   It inflicts extra damage upon your enemies.
   It affects your dexterity (+6).
   It affects your resistance to hostile enchantments.
   It makes you more stealthy.
Armour
 h - a +2 ring mail of fire resistance
 F - the +8 chain mail of Mezcal {rF+++ rN+ rCorr Int-2}
   (You found it on level 6 of the Dungeon)

   It affects your intelligence (-2).
   It renders you almost immune to fire.
   It protects you from negative energy.
   It provides partial protection from all sources of acid and corrosion.
 I - a +0 cloak
 M - a scarf of resistance (worn)
 U - the +1 robe "Woluur" (worn) {Str+2}
   (You found it on level 5 of the Lair of Beasts)

   It affects your strength (+2).
 Z - a +2 pair of gloves (worn)
Magical Staves
 b - an uncursed staff of air (weapon)
 g - an uncursed staff of death
Jewellery
 n - an uncursed amulet of regeneration
 o - a +3 ring of protection
 C - an amulet of harm (around neck)
 H - a ring of magical power (left hand)
 O - a ring of poison resistance (right hand)
 Q - an uncursed ring of protection from fire
 V - a +4 ring of intelligence
Wands
 m - a wand of iceblast (23)
 D - a wand of polymorph (12)
 E - a wand of digging (6)
 G - a wand of scattershot (7)
 J - a wand of acid (10)
 K - a wand of flame (38)
 S - a wand of enslavement (8)
 T - a wand of disintegration (14)
Scrolls
 e - 13 scrolls of remove curse
 i - a scroll of brand weapon {unknown}
 j - a scroll of identify
 q - a scroll of torment {unknown}
 r - a scroll of magic mapping
 t - a scroll of enchant armour
 y - 3 scrolls of noise {unknown}
 B - 3 scrolls of fear
 L - 3 scrolls of amnesia
 P - 5 scrolls of fog
 R - a scroll of blinking {unknown}
 W - 5 scrolls of enchant weapon
 X - a scroll of acquirement {unknown}
Potions
 d - a potion of magic {unknown}
 f - 2 potions of resistance {unknown}
 k - 2 potions of might {unknown}
 l - a potion of ambrosia {unknown}
 p - 3 potions of heal wounds
 u - a potion of flight {unknown}
 v - 3 potions of mutation {unknown}
 w - 7 potions of curing
 x - 4 potions of berserk rage {unknown}
 z - 2 potions of brilliance {unknown}
 A - a potion of haste
 N - 3 potions of degeneration
 Y - a potion of invisibility {unknown}
Comestibles
 c - 11 rations
 s - 3 chunks of flesh


   Skills:
 - Level 8.4 Fighting
 - Level 7.0 Dodging
 - Level 2.0 Stealth
 + Level 10.1 Spellcasting
 - Level 13.0 Conjurations
 - Level 3.2 Charms
 + Level 12.1 Necromancy
 * Level 5.6 Ice Magic
 - Level 13.3 Air Magic


You had 4 spell levels left.
You knew the following spells:

 Your Spells              Type           Power        Failure   Level  Hunger
a - Shock                 Conj/Air       ####         1%          1    None
b - Swiftness             Chrm/Air       ######..     1%          2    None
c - Static Discharge      Conj/Air       ######..     1%          3    None
d - Pain                  Necr           ####         1%          1    None
e - Lightning Bolt        Conj/Air       ######....   1%          5    #####..
f - Airstrike             Air            ######....   1%          4    ##.....
g - Blink                 Tloc           N/A          11%         2    None
h - Agony                 Necr           ######..     1%          5    #####..
i - Simulacrum            Ice/Necr       #####.....   28%         6    ######.

Your spell library contained the following spells:

 Spells                   Type           Power        Failure   Level  Hunger
 Freeze                   Ice            ####         1%          1    None
 Magic Dart               Conj           ####         1%          1    None
 Corpse Rot               Necr           N/A          1%          2    None
 Searing Ray              Conj           ######       1%          2    None
 Sublimation of Blood     Necr           ######....   1%          2    None
 Throw Frost              Conj/Ice       #####.       1%          2    None
 Conjure Flame            Conj/Fire      ####....     1%          3    None
 Dazzling Spray           Conj/Hex       ####..       1%          3    None
 Mephitic Cloud           Conj/Pois/Air  ######..     1%          3    None
 Regeneration             Chrm/Necr      #####.....   1%          3    None
 Animate Dead             Necr           N/A          1%          4    ##.....
 Iskenderun's Mystic Bla  Conj           ######..     1%          4    ##.....
 Throw Icicle             Conj/Ice       #####...     1%          4    ##.....
 Ozocubu's Armour         Chrm/Ice       ####....     3%          3    None
 Force Lance              Conj/Tloc      ####....     4%          4    ##.....
 Fulminant Prism          Conj/Hex       ####......   4%          4    ##.....
 Call Imp                 Summ           #.......     11%         2    None
 Slow                     Hex            #.......     11%         2    None
 Summon Ice Beast         Ice/Summ       ###.....     22%         4    ##.....
 Dispel Undead            Necr           ######..     1%          5    #####..
 Excruciating Wounds      Chrm/Necr      #####.....   9%          5    #####..


Dungeon Overview and Level Annotations

Branches:
Dungeon (12/15)            Temple (1/1) D:5            Lair (6/6) D:9
 Shoals (0/4) Lair:4        Snake (1/4) Lair:4        Slime (0/5) Lair:6
Volcano (visited)
    Orc: D:9-12

Altars:
Ashenzari
Cheibriados
Dithmenos
Elyvilon
Fedhas
Gozag
Hepliaklqana
Kikubaaqudgha
Makhleb
Nemelex Xobeh
Okawaru
Qazlal
Ru
Sif Muna
Trog
Uskayaw
Vehumet
Wu Jian
Xom
Yredelemnul
Zin
The Shining One
Jiyva

Shops:
D:4 (   D:6 (}=   D:9 !   D:12 }

Annotations:
D:12 Jorgrun
Lair:1 1 runed translucent door, Cuqoq's ghost, journeyman GnNe; Urug
Lair:3 2 runed translucent doors, Sadonosm's ghost, journeyman DgSk
Snake:1 Josephine


Innate Abilities, Weirdness & Mutations

You have a beak for a mouth.
You have claws for feet.
You can fly continuously.


Message History

You feel much better.
Your wyvern simulacrum misses Jorgrun.
Jorgrun gestures at you while chanting.
You are slowing down.
Your limbs are stiffening.
As you read the scroll of fog, it crumbles to dust.
The scroll dissolves into smoke.
You have turned to stone.
Some rock shatters into small pieces.
Your wyvern simulacrum vapourises!
Jorgrun casts a spell at you.
Roots burst forth from the earth!
The grasping roots grab you! The grasping roots constrict you!
Jorgrun hits you with an uncursed staff of earth!
Jorgrun crushes you! The grasping roots constrict you!
Jorgrun hits you but does no damage. The grasping roots constrict you!
Jorgrun gestures at you while chanting. The iron shot hits you!!!
You die...
Kikubaaqudgha rasps: "You have failed me!
Welcome... oblivion!"

#........#####...
###... ...........
#.....####.......#
#.#.##...'.).....# #
#.#......#.......#
#.#.##....<#.#######
#.#.##.#§§§#.##..
#.....÷§§§§§...<.
###.)..§§@§#.#..
##.#.§§g§#.#
#.####.>..§§§§#.#
#.............#
######..###.g##.
#.......)...
#.))........
#.)#..#.....
#☼...##.#.##


You could see Jorgrun.

Vanquished Creatures
  Kirke (Lair:5)
  A naga warrior (Snake:1)
  3 hydras
  3 catoblepae (Lair:6)
  4 death yaks
  4 two-headed ogres
  Nergalle (Lair:2)
  A fire crab (Volcano)
  An obsidian statue (Volcano)
  A lindwurm (Volcano)
  A manticore (Lair:6)
  Maurice (D:8)
  A merfolk siren (Lair:4)
  2 gargoyles
  2 torpor snails
  7 black mambas
  9 spiny frogs
  5 komodo dragons
  2 trolls
  A merfolk (Lair:4)
  9 blink frogs
  9 hippogriffs
  Sigmund (D:2)
  42 yaks
  7 fire bats (Volcano)
  3 wyverns
  5 basilisks
  A hog (Lair:6)
  A steam dragon (Lair:5)
  A hungry ghost (D:10)
  2 nagas (Lair:4)
  8 water moccasins
  3 hell hounds (Volcano)
  3 black bears
  3 porcupines
  5 orc warriors
  2 sky beasts
  5 ice beasts
  A necrophage (D:8)
  3 ogres
  3 phantoms
  4 centaurs
  3 big kobolds
  6 crocodiles
  11 bullfrogs
  A gnoll sergeant (D:11)
  3 scorpions
  A water moccasin skeleton (D:5)
  26 killer bees
  4 wights (D:8)
  4 electric eels
  4 howler monkeys
  6 crimson imps
  7 lava snakes (Volcano)
  A centaur zombie (D:5)
  A quasit (D:4)
  2 jellies
  2 centaur skeletons
  7 orc priests
  A bullfrog skeleton (D:6)
  9 hounds
  Terence (D:2)
  13 orc wizards
  3 iguanas
  3 hell rats (D:7)
  8 worker ants
  A hound zombie (D:9)
  2 hound skeletons
  Robin (D:2)
  A howler monkey skeleton (D:9)
  4 gnolls
  21 adders
  10 river rats (D:7)
  2 shadow imps
  A white imp (D:9)
  3 oozes
  2 adder zombies
  An adder skeleton (D:4)
  4 worms
  A dart slug (D:2)
  7 leopard geckos
  47 orcs
  4 bats
  13 giant cockroaches
  13 hobgoblins
  13 jackals
  8 quokkas
  A ball python (D:2)
  6 frilled lizards
  18 goblins
  15 kobolds
  25 rats
  2 fungi (Lair:6)
525 creatures vanquished.

Vanquished Creatures (collateral kills)
  A death yak (Lair:6)
  A manticore (Lair:6)
  2 yaks (Lair:6)
  2 orc warriors (D:12)
  3 orcs (D:12)
  A quokka (D:12)
10 creatures vanquished.

Vanquished Creatures (others)
  2 humans (Lair:6)
  A bush (Lair:6)
  10 fungi
  20 plants (Lair:6)
  10 toadstools (D:5)
43 creatures vanquished.

Grand Total: 578 creatures vanquished

Notes
Turn   | Place    | Note
-------+----------+-------------------------------------------
     0 | D:1      | AlterAsc the Tengu Air Elementalist began the quest for the
                  | Orb.
     0 | D:1      | Reached XP level 1. HP: 10/10 MP: 4/4
    80 | D:1      | Reached XP level 2. HP: 12/15 MP: 0/6
   644 | D:1      | Reached XP level 3. HP: 19/19 MP: 2/7
  1492 | D:2      | Reached XP level 4. HP: 24/24 MP: 6/9
  1560 | D:2      | Noticed Sigmund
  1622 | D:2      | Reached skill level 5 in Air Magic
  2218 | D:3      | Gained mutation: You can fly continuously. [Tengu growth]
  2218 | D:3      | Reached XP level 5. HP: 28/28 MP: 4/10
  2448 | D:3      | Learned a level 2 spell: Swiftness
  2452 | D:3      | Learned a level 3 spell: Static Discharge
  3174 | D:3      | HP: 1/28 [something/magic dart (7)]
  3179 | D:3      | Reached XP level 6. HP: 11/32 MP: 0/12
  3700 | D:4      | Reached skill level 5 in Conjurations
  3878 | D:4      | Found an iron altar of Okawaru.
  3909 | D:4      | Found Pugam's Antique Weapon Boutique.
  4009 | D:4      | Reached XP level 7. HP: 26/36 MP: 10/14
  4213 | D:4      | Found a sacrificial altar of Ru.
  4345 | D:4      | Found a shattered altar of Ashenzari.
  4508 | D:5      | Entered Level 5 of the Dungeon
  4655 | D:5      | Found a glowing silver altar of Zin.
  4695 | D:5      | Found a burning altar of Makhleb.
  4737 | D:5      | Found an ornate altar of the Wu Jian Council.
  4927 | D:5      | Reached skill level 5 in Spellcasting
  4927 | D:5      | Reached XP level 8. HP: 15/41 MP: 0/16
  5089 | D:5      | Noticed a yak
  5089 | D:5      | Noticed a yak
  5089 | D:5      | Noticed a yak
  5089 | D:5      | Noticed a yak
  5303 | D:5      | Found a staircase to the Ecumenical Temple.
  5309 | Temple   | Entered the Ecumenical Temple
  5451 | Temple   | Became a worshipper of Kikubaaqudgha
  5551 | D:5      | Found a blossoming altar of Fedhas.
  5570 | D:5      | Noticed an oklob plant
  5774 | D:6      | Got a faintly glowing short sword
  5775 | D:6      | Identified the +7 short sword of Montysadd {pierce, MR++
                  | Dex+6 Stlth+} (You found it on level 6 of the Dungeon)
  6008 | D:6      | Got a warped chain mail
  6019 | D:6      | Identified the +8 chain mail of Mezcal {rF+++ rN+ rCorr
                  | Int-2} (You found it on level 6 of the Dungeon)
  6072 | D:6      | Found Ikiats's Antique Weapon Shop.
  6119 | D:6      | Found Mulises's Jewellery Boutique.
  6359 | D:6      | Found a snail-covered altar of Cheibriados.
  6553 | D:6      | Found Vopibusm's Gadget Shop.
  6716 | D:7      | Found a burning altar of Makhleb.
  7074 | D:7      | Reached skill level 1 in Necromancy
  7101 | D:7      | Reached skill level 1 in Fighting
  7180 | D:7      | Noticed a two-headed ogre
  7683 | D:7      | Reached * piety under Kikubaaqudgha
  7683 | D:7      | Identified Kikubaaqudgha's Volume of Black Magic
                  | (Kikubaaqudgha gifted it to you on level 7 of the Dungeon)
  7683 | D:7      | Received a gift from Kikubaaqudgha
  7700 | D:7      | Learned a level 1 spell: Pain
  7953 | D:7      | Reached XP level 9. HP: 48/48 MP: 10/18
  8189 | D:6      | Bought an uncursed ring of magical power for 300 gold
                  | pieces
  8241 | D:6      | Learned a level 5 spell: Lightning Bolt
  8246 | D:6      | Learned a level 4 spell: Airstrike
  8333 | D:2      | Noticed Terence
  8333 | D:2      | Noticed Robin
  8465 | D:2      | Killed Sigmund
  8577 | D:2      | Killed Robin
  8633 | D:2      | Killed Terence
  9276 | D:5      | Reached skill level 1 in Charms
 10244 | D:8      | Reached ** piety under Kikubaaqudgha
 10296 | D:8      | Noticed Maurice
 10466 | D:8      | Killed Maurice
 10466 | D:8      | Reached skill level 5 in Necromancy
 10638 | D:8      | Reached XP level 10. HP: 56/56 MP: 20/20
 11244 | D:8      | Found a glowing golden altar of the Shining One.
 11321 | D:8      | Noticed a two-headed ogre
 11326 | D:8      | Killed a two-headed ogre
 11326 | D:8      | Reached skill level 10 in Air Magic
 12118 | D:9      | Reached *** piety under Kikubaaqudgha
 12118 | D:9      | Identified Kikubaaqudgha's Volume of Sinister Arts
                  | (Kikubaaqudgha gifted it to you on level 9 of the Dungeon)
 12118 | D:9      | Received a gift from Kikubaaqudgha
 12898 | D:9      | Reached skill level 10 in Conjurations
 12969 | D:9      | Reached XP level 11. HP: 61/62 MP: 2/22
 13179 | D:9      | Found a radiant altar of Vehumet.
 13189 | D:9      | Found a shimmering blue altar of Sif Muna.
 13272 | D:9      | Reached skill level 5 in Fighting
 13415 | D:9      | Found a staircase to the Lair.
 13423 | D:9      | Learned a level 2 spell: Blink
 13535 | D:9      | Found Domes's Distillery.
 13944 | D:10     | Entered Level 10 of the Dungeon
 13987 | D:10     | Reached **** piety under Kikubaaqudgha
 14815 | D:11     | Noticed a two-headed ogre
 14824 | D:11     | Killed a two-headed ogre
 15603 | D:11     | Noticed a two-headed ogre
 15879 | D:11     | Noticed a two-headed ogre
 16017 | Lair:1   | Entered Level 1 of the Lair of Beasts
 16441 | Lair:1   | Found a runed translucent door.
 16442 | Lair:1   | Noticed Cuqoq's ghost (journeyman GnNe)
 16487 | Lair:1   | Noticed Urug
 17030 | Lair:2   | Noticed Nergalle
 17038 | Lair:2   | Killed Nergalle
 17371 | Lair:2   | Noticed a death yak
 17657 | Lair:1   | Killed a death yak
 17657 | Lair:1   | Reached XP level 12. HP: 71/71 MP: 0/25
 18736 | Lair:3   | Found a dark tunnel.
 18741 | Volcano  | Entered a volcano
 18758 | Volcano  | Reached skill level 10 in Necromancy
 18896 | Volcano  | Learned a level 5 spell: Agony
 18988 | Volcano  | Reached ***** piety under Kikubaaqudgha
 19232 | Volcano  | Found a burning altar of Makhleb.
 20032 | Lair:3   | Found a large runed translucent door.
 20032 | Lair:3   | Found a large runed translucent door.
 20033 | Lair:3   | Noticed Sadonosm's ghost (journeyman DgSk)
 20596 | Lair:4   | Reached skill level 5 in Dodging
 20879 | Lair:4   | Found a staircase to the Snake Pit.
 21336 | Lair:4   | Found a staircase to the Shoals.
 21729 | Lair:5   | Got a distressingly furry robe
 21740 | Lair:5   | Identified the +1 robe "Woluur" {Str+2} (You found it on
                  | level 5 of the Lair of Beasts)
 22075 | Lair:5   | Noticed an eight-headed hydra
 22078 | Lair:5   | Killed an eight-headed hydra
 22078 | Lair:5   | Reached XP level 13. HP: 77/77 MP: 20/26
 23092 | Lair:6   | Entered Level 6 of the Lair of Beasts
 23092 | Lair:6   | Found a viscous altar of Jiyva.
 23092 | Lair:6   | Found a staircase to the Slime Pits.
 24283 | Lair:6   | Learned a level 6 spell: Simulacrum
 24541 | Lair:5   | Reached skill level 1 in Ice Magic
 24921 | Lair:6   | Noticed Kirke
 25319 | Lair:5   | Killed Kirke
 26468 | Lair:6   | Reached XP level 14. HP: 84/84 MP: 16/28
 27061 | Snake:1  | Entered Level 1 of the Snake Pit
 27076 | Snake:1  | Reached skill level 10 in Spellcasting
 27076 | Snake:1  | Reached skill level 5 in Ice Magic
 27082 | Snake:1  | Noticed Josephine
 27671 | D:12     | Found Pisoewen's Gadget Shop.
 27692 | D:12     | Found a burning altar of Makhleb.
 27693 | D:12     | Found a bloodstained altar of Trog.
 27694 | D:12     | Found a sparkling altar of Nemelex Xobeh.
 27694 | D:12     | Found a sacrificial altar of Ru.
 27873 | D:12     | Reached ****** piety under Kikubaaqudgha
 27874 | D:12     | Noticed Jorgrun
 27897 | D:12     | Killed from afar by Jorgrun

Levels and vault maps discovered:
D:1:      wander_arrival_abandoned_jail, layout_basic
D:2:      layout_rooms, chequers_arboretum, kennysheep_generic_room_15,
          uniq_sigmund, uniq_robin, uniq_terence
D:3:      layout_basic
D:4:      layout_basic, lemuel_round_altar, lemuel_doored_altar, serial_shops,
          shop, first_ration, cheibrodos_ashenzari_chains
D:5:      layout_gridville, bloody_makhleb, tgw_fedhas, old_standard_altar,
          nicolae_overflow_hidden_temple, minmay_temple_entry_glassed_door,
          kennysheep_nondescript, cheibrodos_gnoll_hut
D:6:      layout_loops_corners, serial_shops, nicolae_shop_statue_plus,
          shop_statue, shop, chei_slow_surprise
D:7:      lemuel_ratsnest, layout_loops_ring, basic_altar,
          lightli_corner_chamber
D:8:      layout_basic, tso_metal_star, serial_bayou_ford_a, blue_anna_alchemist
          [blue_anna_fruit_fields, blue_anna_fruit_fields], uniq_maurice
D:9:      layout_roguey, minitemple, david_lair_generic, serial_shops,
          kennysheep_mini_moat, minivault_1, minmay_fire_ice_demons
D:10:     layout_stronghold, kennysheep_cluttered_room, minmay_variable_closet
D:11:     layout_big_octagon, wad_floor_pattern_2
D:12:     minmay_the_grid_octo_tiled_squarecenter
          [minmay_the_grid_octo_odd_swirl, minmay_the_grid_octo_shrine,
          minmay_the_grid_octo_concentric, minmay_the_grid_octo_thin_diamonds,
          minmay_the_grid_square_5x5_megaprize_hollow,
          minmay_the_grid_square_5x5_one_wall, minmay_the_grid_square_5x5_mess,
          minmay_the_grid_square_5x5_spiral, minmay_the_grid_square_5x5_fat_x],
          layout_basic, orc_0_dummy, serial_shops, shop,
          hangedman_decor_clover_reticule, uniq_jorgrun
Temple:   nicolae_temple_figure_eight
Lair:1:   layout_chaotic_city, gammafunk_ghost_grave, serial_forest,
          infiniplex_forest_lined_corner, infiniplex_forest_end_3,
          infiniplex_forest_lined_2, infiniplex_forest_lined_ring,
          infiniplex_forest_end_1, infiniplex_forest_clump_cross,
          infiniplex_forest_lined_4_way, infiniplex_forest_corner_2,
          infiniplex_staircase_pool_2, uniq_urug
Lair:2:   layout_regular_city, lemuel_fruit_tree, uniq_nergalle
Lair:3:   layout_misc_corridors, enter_volcano_4, ebering_ghost_disaster_area
Lair:4:   layout_cave_pods, elwin_shoals_entry_rooms,
          guppyfry_snake_entry_island
Lair:5:   layout_layer_cave
Lair:6:   evilmike_catoblepas_cave, layout_small_grid, slime_altar_1, uniq_kirke
Snake:1:  cheibrodos_forgotten_conduit, layout_gridlike, ebering_ghost_gozag,
          uniq_frances, uniq_josephine

Skill      XL: |  1  2  3  4  5  6  7  8  9 10 11 12 13 14 |
---------------+-------------------------------------------+-----
Conjurations   | 2 3 4 5 6 8 9 10 11 12 13 | 13.0
Air Magic      | 5 6 7 8 9 10 11 12 13 | 13.3
Spellcasting   | 3 4 5 6 7 8 9 10 | 10.1
Necromancy     | 1 5 7 9 10 11 12 | 12.1
Fighting       | 1 3 4 6 7 8 |  8.4
Dodging        | 3 5 7 |  7.0
Charms         | 2 3 |  3.2
Ice Magic      | 4 5 |  5.6
Stealth        | |  2.0

Action                   |  1- 3 |  4- 6 |  7- 9 | 10-12 | 13-15 || total
-------------------------+-------+-------+-------+-------+-------++-------
Melee: Unarmed           |     9 |       |       |       |       ||     9
       Peck              |     3 |       |     3 |     6 |       ||    12
       Kick              |     2 |       |     5 |     4 |     1 ||    12
       Dagger            |     4 |       |       |       |       ||     4
       Short sword       |       |       |    13 |    13 |       ||    26
       Staff             |       |       |       |     4 |     1 ||     5
Throw: Stone             |       |    19 |       |       |       ||    19
 Cast: Shock             |    62 |   193 |   293 |   179 |    18 ||   745
       Static Discharge  |       |     2 |    16 |    13 |     1 ||    32
       Swiftness         |       |       |     3 |     5 |     4 ||    12
       Pain              |       |       |     1 |       |     1 ||     2
       Airstrike         |       |       |    38 |   297 |    85 ||   420
       Lightning Bolt    |       |       |    16 |    34 |    50 ||   100
       Blink             |       |       |       |    12 |    10 ||    22
       Agony             |       |       |       |    19 |    53 ||    72
       Simulacrum        |       |       |       |       |     5 ||     5
 Abil: Fly               |       |     1 |       |       |       ||     1
Evoke: Wand              |       |       |       |     4 |       ||     4
  Use: Potion            |       |     2 |       |       |     6 ||     8
       Scroll            |       |     1 |     5 |    12 |     3 ||    21
  Eat: Chunk             |     3 |     8 |    12 |    29 |    22 ||    74
       Ration            |       |       |     5 |    15 |     7 ||    27
Armor: Robe              |     3 |     7 |       |       |    12 ||    22
       Leather armour    |       |     1 |     4 |       |       ||     5
       Chain mail        |       |       |     2 |       |       ||     2
       Animal skin       |       |       |     1 |    13 |       ||    14
Dodge: Dodged            |    21 |    51 |    95 |   181 |    75 ||   423
